 Dungeon Crawl Stone Soup version 0.18-b1-17-g3aa4875 (webtiles) character file.

374 shmeve the Skirmisher (level 6, -2/53 HPs)
             Began as a Draconian Berserker on May 2, 2016.
             Was a Priest of Trog.
             Slain by a white imp (4 damage)
             ... summoned by Natasha
             ... on level 3 of the Dungeon.
             The game lasted 00:06:38 (1625 turns).

shmeve the Skirmisher (Draconian Berserker)         Turns: 1625, Time: 00:06:39

Health: -2/53      AC:  6    Str: 21    XL:     6   Next: 43%
Magic:  6/6        EV: 10    Int:  7    God:    Trog [***...]
Gold:   93         SH:  9    Dex: 11    Spells: 0 memorised, 5 levels left

rFire  . . .     SeeInvis +     o - +0 hand axe (vamp)
rCold  . . .     Gourm    .     (armour unavailable)
rNeg   . . .     Faith    .     m - +0 shield
rPois  .         Spirit   .     (helmet restricted)
rElec  .         Dismiss  .     (no cloak)
rCorr  .         Reflect  .     (no gloves)
SustAt .         Harm     .     (no boots)
MR     ++...                    (no amulet)
Stlth  ++........               (no ring)
                                f - ring of see invisible

@: regenerating, slowed, very slow, very resistant to hostile enchantments,
unstealthy
A: unfitting armour, cold-blooded, AC +6
a: Berserk, Trog's Hand, Burn Spellbooks, Renounce Religion


You were on level 3 of the Dungeon.
You worshipped Trog.
Trog was most pleased with you.
You were not hungry.

You visited 1 branch of the dungeon, and saw 3 of its levels.

You collected 93 gold pieces.

Inventory:

Hand Weapons
 o - a +0 vampiric hand axe (weapon)
Armour
 m - a +0 shield (worn)
Jewellery
 f - a ring of see invisible (left hand)
Scrolls
 c - a scroll of magic mapping {unknown}
 e - a scroll of recharging {unknown}
 h - 2 scrolls of amnesia {unknown}
 j - 3 scrolls of teleportation {unknown}
 n - 3 scrolls of enchant weapon {unknown}
Potions
 d - a potion of degeneration {unknown}
 g - 2 potions of curing {unknown}
 i - a potion of cure mutation {unknown}
 k - a potion of berserk rage {unknown}
 l - a potion of brilliance {unknown}
 p - a potion of heal wounds {unknown}
Comestibles
 a - 4 chunks of flesh


   Skills:
 * Level 4.4 Fighting
 * Level 3.9 Axes
 * Level 3.3 Dodging
 + Level 2.7 Stealth
 * Level 3.7 Shields


You had 5 spell levels left.
You didn't know any spells.

Dungeon Overview and Level Annotations

Branches:
Dungeon (3/15)

Altars:
Ashenzari
Elyvilon
Kikubaaqudgha

Annotations:
D:3 Natasha


Innate Abilities, Weirdness & Mutations

Your plain brown scales are hard (AC +6).
Your body does not fit into most forms of armour.
You are cold-blooded and may be slowed by cold attacks.


Message History

You barely miss Natasha.
Natasha is moderately wounded.
You hit the white imp but do no damage.
The white imp is lightly wounded.
You hit the white imp but do no damage.
The white imp is moderately wounded.
You barely miss the crimson imp.
The white imp laughs crazily.
You block the white imp's attack. The white imp gestures at you.
The puff of frost hits you!
* * * LOW HITPOINT WARNING * * *
You block the crimson imp's attack.
Natasha mewls in sadness.
Natasha claws you.
* * * LOW HITPOINT WARNING * * *
The white imp hits you but does no damage.
The crimson imp hits you but does no damage.
The white imp hits you.
You die...

#. ..... #.#.###.. .....
##. #.#..#..####.....
..#..###.#.......?......
..#..#.........##.....(.
........................
..#..............5......
..#.....)......5@.......
......).........h5......
........................
........................
........................
........#..............#
...............##......#
#)=).####.###### #####..
#).†.# #...


You could see Natasha, a crimson imp and 2 white imps.

Vanquished Creatures
  3 vampire bats (D:2)
  An orc priest (D:3)
  Jessica (D:2)
  Ijyb (D:2)
  Terence (D:3)
  Robin (D:3)
  3 gnolls (D:3)
  3 adders (D:2)
  2 giant geckos (D:2)
  2 orcs (D:3)
  5 bats
  3 bat skeletons (D:2)
  3 bat zombies (D:2)
  7 giant cockroaches
  18 goblins
  9 hobgoblins
  2 jackals (D:1)
  A ball python (D:2)
  5 giant newts
  6 kobolds
  6 rats
83 creatures vanquished.

Notes
Turn   | Place    | Note
--------------------------------------------------------------
     0 | D:1      | shmeve the Draconian Berserker began the quest for the Orb.
     0 | D:1      | Reached XP level 1. HP: 19/19 MP: 1/1
   201 | D:1      | Reached XP level 2. HP: 26/26 MP: 2/2
   454 | D:1      | Reached ** piety under Trog
   753 | D:2      | Reached XP level 3. HP: 32/33 MP: 3/3
   780 | D:2      | Reached skill level 1 in Stealth
   983 | D:2      | Noticed Jessica
   997 | D:2      | Killed Jessica
   997 | D:2      | Reached skill level 4 in Fighting
   997 | D:2      | Reached XP level 4. HP: 40/40 MP: 4/4
  1066 | D:2      | Found an ancient bone altar of Kikubaaqudgha.
  1081 | D:2      | Reached skill level 1 in Shields
  1087 | D:2      | Reached XP level 5. HP: 36/46 MP: 5/5
  1136 | D:2      | Found a white marble altar of Elyvilon.
  1143 | D:2      | Found a shattered altar of Ashenzari.
  1188 | D:2      | Noticed Ijyb
  1206 | D:2      | Killed Ijyb
  1469 | D:3      | Noticed Terence
  1476 | D:3      | Killed Terence
  1476 | D:3      | Reached XP level 6. HP: 52/52 MP: 6/6
  1539 | D:3      | Noticed Robin
  1560 | D:3      | Killed Robin
  1560 | D:3      | Reached *** piety under Trog
  1612 | D:3      | Noticed Natasha
  1625 | D:3      | HP: 2/53 [Natasha (4)]
  1625 | D:3      | Slain by a white imp

Skill      XL: |  1  2  3  4  5 |
---------------+----------------+-----
Stealth        | 1 2 |  2.7
Dodging        | 3 |  3.3
Fighting       | 4 |  4.4
Shields        | 2 3 |  3.7
Axes           | |  3.9

Action                   |  1- 3 |  4- 6 || total
-------------------------+-------+-------++-------
Melee: Hand axe          |    92 |   125 ||   217
       Tailslap          |     4 |    17 ||    21
Invok: Berserk           |     1 |     2 ||     3
       Trog's Hand       |     1 |     2 ||     3
  Use: Scroll            |       |     1 ||     1
 Stab: Sleeping          |     1 |       ||     1
  Eat: Chunk             |       |     3 ||     3
       Meat ration       |       |     1 ||     1
       Bread ration      |       |     1 ||     1
Armor: Skin              |    31 |    70 ||   101
Dodge: Dodged            |    49 |   139 ||   188
Block: Shield            |       |    36 ||    36
